 Dungeon Sprint DCSS version 0.16.2-12-gd0ad4c3 (webtiles) character file.

0 musteatbrain the Conjurer (level 1, 0/13 HPs)
             Began as a Demonspawn Wizard on Oct 15, 2015.
             Slain by a goblin
             ... wielding a +0 dagger
              (4 damage)
             ... in the Dungeon (Sprint VI: "Thunderdome").
             The game lasted 00:01:45 (75 turns).

musteatbrain the Conjurer (Demonspawn Wizard)         Turns: 75, Time: 00:01:45

Health: 0/13       AC:  2    Str:  7    XL:     1   Next: 50%
Magic:  0/13       EV: 12    Int: 27    God:
Gold:   20         SH:  0    Dex: 16    Spells: 1 memorised, 5 levels left

rFire  + . .     SeeInvis .     (no weapon)
rCold  . . .     Clarity  .     a - +0 robe
rNeg   . . .     SustAb   .     (no shield)
rPois  +         Gourm    .     b - +0 hat
rElec  +         Spirit   +     (no cloak)
rCorr  .         Warding  .     (no gloves)
rMut   .         NoTele   +     (no boots)
MR     .....                    q - amulet of Symmetry {Spirit rPois rC+}
Stlth  +.........               p - ring "Eqao" {Fire rPois Int+4 Dex+5 Stlth-}
                                o - ring of Igokebipt {rElec MP+9 Int+4}

@: not resistant to hostile enchantments, very unstealthy
A: no striking features
a: no special abilities


You were in the Dungeon.
You were not hungry.

You visited 1 branch You collected 200 gold pieces.
You spent 180 gold pieces at shops.

Inventory:

Armour
 a - a +0 robe (worn)
 b - a +0 hat (worn)
Jewellery
 o - the ring of Igokebipt (left hand) {rElec MP+9 Int+4}
   (You bought it in a shop in the Dungeon)

   [ring of magical power]

   It affects your intelligence (+4).
   It insulates you from electricity.
   It affects your magic capacity (+9).
 p - the ring "Eqao" (right hand) {Fire rPois Int+4 Dex+5 Stlth-}
   (You bought it in a shop in the Dungeon)

   [ring of fire]

   It enhances your fire magic, and weakens your ice magic.
   It affects your intelligence (+4).
   It affects your dexterity (+5).
   It protects you from fire.
   It makes you vulnerable to cold.
   It protects you from poison.
   It makes you less stealthy.
 q - the amulet of Symmetry (around neck) {Spirit rPois rC+}
   (You bought it in a shop in the Dungeon)

   [amulet of guardian spirit]

   It causes incoming damage to be split between your health and magic.
   It protects you from cold.
   It protects you from poison.
Magical devices
 l - a wand of cold (5)
 m - a wand of fire (5)
Scrolls
 j - 4 scrolls of blinking
 n - 3 scrolls of fog
Potions
 e - a potion of curing
 f - 3 potions of heal wounds
 g - 4 potions of haste
 h - 2 potions of magic
 i - a potion of berserk rage
 k - a potion of resistance
Books
 c - a book of Minor Magic

   Spells                             Type                      Level
   a - Magic Dart                     Conjuration                  1
   b - Blink                          Translocation                2
   c - Call Imp                       Summoning                    2
   d - Repel Missiles                 Charms/Air                   2
   e - Slow                           Hexes                        2
   f - Conjure Flame                  Conjuration/Fire             3
   g - Mephitic Cloud                 Conjuration/Poison/Air       3
Comestibles
 d - a bread ration


   Skills:
 - Level 1.7 Dodging
 - Level 1.7 Stealth
 - Level 3.0 Spellcasting
 + Level 3.2 Conjurations
   Level 1.0 Summonings
   Level 0.8 Translocations


You had 5 spell levels left.
You knew the following spells:

 Your Spells              Type           Power        Failure   Level  Hunger
a - Magic Dart            Conj           ###.         2%          1    None


Dungeon Overview and Level Annotations

Branches:
Dungeon (1/1)

Altars:
Dithmenos
Gozag
Kikubaaqudgha
Makhleb
Sif Muna
Trog
Vehumet
Zin
Lugonu

Shops:
D *[%?


Message History

The goblin barely misses you.
Casting: Magic Dart
Confirm with . or Enter, or press ? or * to list all spells.
Aiming: Magic Dart
Press: ? - help, Shift-Dir - straight line, f - orc
Aim: an orc (severely wounded)
The magic dart hits the orc.
You kill the orc!
Your Conjurations skill increases to level 3!
The goblin barely misses you.
Eat which item? (? for menu, Esc to quit)
Okay, then.
Drink which item? (? for menu, Esc to quit)
You feel much better. The goblin misses you.
You barely miss the goblin. The goblin hits you with a dagger.
You hit the goblin but do no damage. The goblin hits you but does no damage.
You closely miss the goblin. The goblin barely misses you.
You miss the goblin. The goblin hits you with a dagger.
You closely miss the goblin. The goblin hits you with a dagger.
You die...

. ... . ###... .
#⌠..... .
######.8.... .
##∩___......# .
###∩........8.# .
##@g...........###.
#⌠..........###...#
#⌠..........# #.<.#
#⌠..........###...#
##.............###.
###∩........8.# .
##∩___......# .
######.8..... .
#⌠........


You could see a goblin.

Vanquished Creatures
  A giant gecko (D)
  An orc (D)
2 creatures vanquished.

Notes
Turn   | Place    | Note
--------------------------------------------------------------
     0 | D        | musteatbrain, the Demonspawn Wizard, began the quest for the Orb.
     0 | D        | Reached XP level 1. HP: 13/13 MP: 4/4
     3 | D        | Found a deep blue altar of Sif Muna.
     5 | D        | Found a radiant altar of Vehumet.
     5 | D        | Found a shadowy altar of Dithmenos.
     5 | D        | Round 1.
     6 | D        | Found a burning altar of Makhleb.
     7 | D        | Found a corrupted altar of Lugonu.
     7 | D        | Found an ancient bone altar of Kikubaaqudgha.
     8 | D        | Found Meunitun's Advanced Armour.
     8 | D        | Found Vaaraups' Identification Station.
     8 | D        | Found a glowing silver altar of Zin.
     8 | D        | Found an opulent altar of Gozag.
     9 | D        | Found a bloodstained altar of Trog.
    13 | D        | Found Kliez's Jewellery.
    13 | D        | Found Gazuv's Bee Food.
    28 | D        | Noticed a sky beast
    38 | D        | Bought a heavily runed glass ring for 45 gold pieces
    38 | D        | Bought a scintillating golden ring for 45 gold pieces
    38 | D        | Bought a shimmering graven amulet for 45 gold pieces
    38 | D        | Identified the ring of Igokebipt {rElec MP+9 Int+4} (You bought it in a shop in the Dungeon)
    39 | D        | Identified the ring "Eqao" {Fire rPois Int+4 Dex+5 Stlth-} (You bought it in a shop in the Dungeon)
    40 | D        | Identified the amulet "Ozoentue" {Ward +Blink rC- rN+ Str+2 Slay-6 Stlth+} (You bought it in a shop in the Dungeon)
    44 | D        | Bought a vibrating silver amulet for 45 gold pieces
    44 | D        | Identified the amulet of Symmetry {Spirit rPois rC+} (You bought it in a shop in the Dungeon)
    75 | D        | Slain by a goblin

Action                   || total
-------------------------++-------
Melee: Unarmed           ||    18
 Cast: Magic Dart        ||     4
  Use: Potion            ||     1
